 Dungeon Crawl Stone Soup version 0.29-a0-490-g77b3608bb8 (webtiles) character file.

Game seed: 2741350741046792513

587 dolemite99 the Cleaver (level 7, -1/57 HPs)
             Began as a Hill Orc Fighter on May 27, 2022.
             Slain by a wraith (3 damage)
             ... in an ossuary.
             The game lasted 00:04:27 (5152 turns).

dolemite99 the Cleaver (Hill Orc Fighter)           Turns: 5152, Time: 00:04:27

Health: -1/57      AC: 10    Str: 27    XL:     7   Next: 38%
Magic:  7/7        EV:  8    Int:  8    God:
Gold:   208        SH:  4    Dex: 10    Spells: 6/6 levels left

rFire   . . .      SeeInvis .   a - +0 war axe
rCold   . . .      Faith    .   g - +0 buckler
rNeg    . . .      Spirit   .   u - +0 chain mail
rPois   .          Reflect  .   (no helmet)
rElec   .          Harm     .   (no cloak)
rCorr   .          Rampage  .   l - +0 pair of gloves
Will    .....                   (no boots)
Stlth   ..........              (no amulet)
HPRegen 0.19/turn               c - +6 ring of strength {=R}
MPRegen 0.10/turn               (no ring)

@: slowed, very slow
A: no striking features
a: no special abilities


You were in an ossuary.
You visited 1 branch of the dungeon, and saw 4 of its levels.
You also visited: Ossuary.

You collected 208 gold pieces.

Inventory:

Hand Weapons
 a - a +0 war axe (weapon)
 n - a +0 hunting sling
 r - a +0 trident
Missiles
 e - 69 stones
 f - 5 javelins (quivered)
Armour
 g - a +0 buckler (worn)
 l - a +0 pair of gloves (worn)
 m - a +0 tower shield
 u - a +0 chain mail (worn)
Jewellery
 c - a +6 ring of strength (left hand) {=R}
 i - a ring of flight
 k - an amulet of faith
Wands
 b - a wand of iceblast (11)
 o - a wand of paralysis (5)
 x - a wand of acid (10)
 B - a wand of flame (18)
Scrolls
 y - a scroll of amnesia
 C - a scroll of teleportation
Potions
 d - a potion of might
 h - a potion of degeneration {unknown}
 j - 2 potions of attraction
 p - a potion of curing
 q - a potion of mutation {unknown}
 s - 2 potions of berserk rage {unknown}
 t - 2 potions of cancellation
 v - 2 potions of brilliance {unknown}
 w - a potion of flight {unknown}
 z - a potion of lignification {unknown}
 A - a potion of heal wounds {unknown}


   Skills:
 - Level 3.6 Fighting
 + Level 10.4 Axes
 - Level 3.2 Armour
 - Level 3.2 Shields


You had 6 spell levels left.
You didn't know any spells.
Your spell library contained the following spells:

 Spells                   Type           Power      Damage    Failure   Level
 Tukima's Dance           Hex            0%         N/A       100%        3
 Passage of Golubria      Tloc           0%         N/A       100%        4
 Yara's Violent Unravell  Hex/Tmut       0%         3d3       100%        5


Dungeon Overview and Level Annotations

Branches:
Dungeon (4/15)            Ossuary (1/1)
 Temple: D:4-7

Altars:


Message History

The wraith barely misses you. You block the wraith's attack.
You hit the wraith but do no damage.
The wraith is severely damaged.
You block the wraith's attack.
You hit the wraith but do no damage.
The wraith is severely damaged.
The wraith barely misses you. You block the wraith's attack.
You completely miss the wraith.
The wraith is severely damaged.
You block the wraith's attack.
You hit the wraith.
The wraith is almost destroyed.
The wraith hits you! You block the wraith's attack.
You barely miss the wraith.
The wraith is almost destroyed.
The wraith hits you.
* * * LOW HITPOINT WARNING * * *
You feel better. The wraith hits you.
* * * LOW HITPOINT WARNING * * *
The wraith drains your vigour!
You feel as though you will be slow longer.
The wraith hits you!
* * * LOW HITPOINT WARNING * * *
The wraith drains your vigour!
You feel as though you will be slow longer.
You hit the wraith but do no damage.
The wraith is almost destroyed.
The wraith hits you but does no damage.
You completely miss the wraith.
The wraith is almost destroyed.
The wraith barely misses you. You block the wraith's attack.
You barely miss the wraith.
The wraith is almost destroyed.
The wraith hits you.
* * * LOW HITPOINT WARNING * * *
The wraith hits you but does no damage.
You barely miss the wraith.
The wraith is severely damaged.
The wraith hits you.
You die...

#.....# #z# #...............#
#.8.8.#####▓###.###.......###.#
'.......'.....'.#z#.......#z#.#
#.8.8.#####▓###.###.......###.#
#.....# #W# #...............#
####### ### #.###..###..###.#
#.#.#..#z#..#.#.#
#.W##..###..##).#
#.@.............#
#################


You could see a wraith and a flying skull.

Vanquished Creatures
  An elf zombie (D:4)
  2 elf skeletons (D:4)
  2 wights (Ossuary)
  A jelly (D:4)
  Natasha (twice) (D:3)
  A human skeleton (D:4)
  An iguana (D:4)
  Ijyb (D:4)
  5 adders
  3 adder zombies (Ossuary)
  A dart slug (D:3)
  6 orcs
  7 ball pythons
  11 endoplasms
  4 giant cockroaches
  4 goblins
  7 hobgoblins
  5 jackals
  2 quokkas
  A ball python skeleton (Ossuary)
  7 bats
  2 frilled lizards
  A hobgoblin zombie (Ossuary)
  7 kobolds
  2 kobold zombies (Ossuary)
  An orc skeleton (D:4)
  2 orc zombies
  11 rats
100 creatures vanquished.

Vanquished Creatures (others)
  A fungus (D:3)
  A plant (D:2)
2 creatures vanquished.

Grand Total: 102 creatures vanquished

Notes
Turn   | Place    | Note
-------+----------+-------------------------------------------
     0 | D:1      | dolemite99 the Hill Orc Fighter began the quest for the
                  | Orb.
     0 | D:1      | Reached XP level 1. HP: 19/19 MP: 1/1
    24 | D:1      | Reached skill level 3 in Axes
   152 | D:1      | Reached XP level 2. HP: 21/26 MP: 2/2
   350 | D:1      | Reached skill level 4 in Axes
   795 | D:2      | Reached XP level 3. HP: 30/31 MP: 3/3
   824 | D:1      | Reached skill level 5 in Axes
  1774 | D:2      | Reached XP level 4. HP: 39/39 MP: 4/4
  2325 | D:3      | Reached skill level 6 in Axes
  2994 | D:3      | Reached XP level 5. HP: 44/45 MP: 5/5
  3006 | D:3      | Noticed Natasha
  3030 | D:3      | Killed Natasha
  3031 | D:3      | Reached skill level 7 in Axes
  3093 | D:3      | Noticed Natasha
  3812 | D:3      | Found a faded altar of an unknown god.
  3927 | D:3      | Killed Natasha
  4281 | D:4      | Noticed Ijyb
  4294 | D:4      | Killed Ijyb
  4295 | D:4      | Reached skill level 8 in Axes
  4295 | D:4      | Reached XP level 6. HP: 49/50 MP: 6/6
  4484 | D:4      | Reached skill level 9 in Axes
  4491 | D:4      | Found a sand-covered staircase.
  4505 | D:4      | Reached XP level 7. HP: 24/57 MP: 7/7
  4508 | Ossuary  | Entered an ossuary
  4938 | Ossuary  | Reached skill level 10 in Axes
  4980 | Ossuary  | Noticed a flying skull
  4980 | Ossuary  | Noticed a wraith
  4991 | Ossuary  | Noticed a flying skull
  4993 | Ossuary  | Noticed a flying skull
  5021 | Ossuary  | Noticed a flying skull
  5130 | Ossuary  | Noticed a wraith
  5151 | Ossuary  | HP: 1/57 [wraith (4)]
  5152 | Ossuary  | Slain by a wraith

Illustrated notes

Levels and vault maps discovered:
D:1:      lemuel_arrival_rhombus, layout_basic
D:2:      layout_rooms, grunt_ministairs_6, serial_bayou_pond_a,
          kennysheep_generic_room_3
D:3:      minmay_spotlight, layout_basic, shapermc_ecumenical_altar_acropolis,
          grunt_ministairs_1, uniq_natasha
D:4:      layout_basic, nicolae_ossuary_entry_catacombs, uniq_ijyb
Ossuary:  ossuary_due_cavern

Skill      XL: |  1  2  3  4  5  6  7 |
---------------+----------------------+-----
Axes           | 3 4 5 6 8 9 10 | 10.4
Fighting       | |  3.6
Armour         | |  3.2
Shields        | |  3.2

Action                   |  1- 3 |  4- 6 |  7- 9 || total
-------------------------+-------+-------+-------++-------
Melee: War axe           |    77 |   159 |    47 ||   283
Throw: Stone             |    20 |     8 |       ||    28
       Javelin           |       |     6 |       ||     6
  Use: Scroll            |       |     7 |     2 ||     9
       Potion            |       |       |     2 ||     2
Armor: Scale mail        |    49 |    13 |       ||    62
       Chain mail        |       |    70 |    16 ||    86
Dodge: Dodged            |    64 |    56 |    10 ||   130
Block: Buckler           |    22 |    40 |    14 ||    76

Table legend: (Time is in decaauts)
 A = Elapsed time spent in this place.
 B = Non-inter-level travel time spent in this place.
 C = Inter-level travel time spent in this place.
 D = Time resting spent in this place.
 E = Time spent auto-exploring this place.
 F = Levels seen in this place.
 G = Mean time per level.
                   A        B        C        D        E       F      G
               +--------+--------+--------+--------+--------+-----+--------+
         Total |   5227 |   5156 |     71 |   2180 |   2017 |   5 | 1045.4 |
       Dungeon |   4571 |   4500 |     71 |   1731 |   1939 |   4 | 1142.8 |
       Ossuary |    655 |    655 |      0 |    449 |     78 |   1 |  655.0 |
               +--------+--------+--------+--------+--------+-----+--------+

Top non-repeatable levels by time:
     D:3: 1797 daAuts
     D:2: 1167 daAuts
     D:1: 1127 daAuts
 Ossuary: 655 daAuts
     D:4: 478 daAuts
